 Dungeon Crawl Stone Soup version 0.29-a0-529-gfa20dd96a1 (webtiles) character file.

Game seed: 953362760564047116

240344 NateTC the Warrior (level 18, -1/178 HPs)
             Began as a Minotaur Fighter on June 1, 2022.
             Was the Champion of the Shining One.
             Killed by the air
             ... invoked by a spriggan air mage
              (7 damage)
             ... on level 1 of the Depths on June 2, 2022.
             The game lasted 02:30:07 (40007 turns).

NateTC the Warrior (Minotaur Fighter)              Turns: 40007, Time: 02:30:08

Health: -1/178     AC: 27    Str: 30    XL:     18   Next: 61%
Magic:  22/25      EV:  8    Int:  5    God:    the Shining One [******]
Gold:   2150       SH: 28    Dex:  9    Spells: 17/17 levels left

rFire   + . .      SeeInvis .   a - +7 broad axe
rCold   + . .      Faith    .   J - +0 tower shield
rNeg    + + +      Spirit   .   x - +4 plate armour
rPois   +          Reflect  .   U - +1 hat
rElec   .          Harm     .   v - scarf {rC+ rF+}
rCorr   +          Rampage  .   n - +1 pair of gloves {infuse}
Will    +....                   q - +0 pair of boots
Stlth   ..........              E - amulet of regeneration
HPRegen 1.19/turn               K - ring of poison resistance
MPRegen 0.19/turn               O - ring of resist corrosion

@: divinely shielded, hasted, glowing, very quick
A: horns 2, retaliatory headbutt
}: 2/15 runes: barnacled, gossamer
a: Renounce Religion, Divine Shield, Cleansing Flame, Summon Divine Warrior,
Brand Weapon With Holy Wrath


You were on level 1 of the Depths.
You worshipped the Shining One.
The Shining One was exalted by your worship.
You visited 6 branches of the dungeon, and saw 32 of its levels.
You visited the Abyss 1 time.
You also visited: Gauntlet and Ice Cave.

You collected 3555 gold pieces.
You spent 1405 gold pieces at shops.

Inventory:

Hand Weapons
 a - a +7 broad axe (weapon)
 b - the +8 whip of the Bruised Knives {freeze, +Blink MP+9}
   (You found it on level 1 of the Dungeon)

   It freezes those it strikes, dealing additional cold damage.
   It can also slow down cold-blooded creatures.
   MP:        It affects your magic capacity (+9).
   +Blink:    It lets you blink.
Armour
 n - a +1 pair of gloves of infusion (worn)
 q - a +0 pair of boots (worn)
 v - a scarf of resistance (worn)
 w - a +2 pair of gloves
 x - a +4 plate armour (worn)
 J - a +0 tower shield (worn)
 U - a +1 hat (worn)
Jewellery
 g - a ring of positive energy
 m - a ring of willpower
 r - a ring of flight
 C - a ring of protection from fire
 E - an amulet of regeneration (around neck)
 K - a ring of poison resistance (left hand)
 L - a ring of ice
 O - a ring of resist corrosion (right hand)
 P - an amulet of reflection
 Y - a ring of protection from cold
 Z - a +4 ring of protection
Wands
 p - a wand of mindburst (41)
 s - a wand of paralysis (22)
 y - a wand of iceblast (7)
 M - a wand of polymorph (19)
 Q - a wand of flame (11)
Scrolls
 d - 14 scrolls of identify
 u - a scroll of silence
 A - 14 scrolls of teleportation
 D - 4 scrolls of magic mapping
 G - 4 scrolls of fog
 H - a scroll of summoning
 I - 9 scrolls of poison
 V - 4 scrolls of noise
Potions
 e - 14 potions of curing
 f - 6 potions of lignification
 i - 3 potions of haste
 j - 5 potions of magic
 k - 3 potions of brilliance
 l - 4 potions of cancellation
 t - 3 potions of flight
 z - 7 potions of ambrosia
 B - a potion of resistance
 N - 4 potions of mutation
 R - 2 potions of attraction
 S - a potion of berserk rage
 T - 4 potions of might
Miscellaneous
 X - a phantom mirror


   Skills:
 - Level 20.2 Fighting
 - Level 18.0 Axes
 - Level 17.6 Armour
 - Level 5.0 Dodging
 * Level 16.0 Shields
 - Level 11.5 Invocations
 * Level 10.0 Evocations


You had 17 spell levels left.
You didn't know any spells.
Your spell library contained the following spells:

 Spells                   Type           Power      Damage    Failure   Level
 Beastly Appendage        Tmut           0%         N/A       100%        1
 Slow                     Hex            0%         N/A       100%        1
 Poisonous Vapours        Pois/Air       0%         N/A       100%        2
 Static Discharge         Conj/Air       0%         N/A       100%        2
 Sublimation of Blood     Necr           0%         N/A       100%        2
 Wereblood                Tmut           0%         N/A       100%        2
 Call Canine Familiar     Summ           0%         N/A       100%        3
 Confusing Touch          Hex            0%         N/A       100%        3
 Dazzling Flash           Conj/Hex       0%         N/A       100%        3
 Gell's Gravitas          Tloc           0%         N/A       100%        3
 Ignite Poison            Fire/Tmut/Pois 0%         N/A       100%        3
 Lesser Beckoning         Tloc           0%         N/A       100%        3
 Mephitic Cloud           Conj/Pois/Air  0%         N/A       100%        3
 Portal Projectile        Hex/Tloc       0%         N/A       100%        3
 Spider Form              Tmut/Pois      0%         N/A       100%        3
 Teleport Other           Tloc           0%         N/A       100%        3
 Vampiric Draining        Necr           0%         2d6       100%        3
 Corpse Rot               Necr/Pois/Air  0%         N/A       100%        4
 Hailstorm                Conj/Ice       0%         3d3       100%        4
 Ice Form                 Ice/Tmut       0%         N/A       100%        4
 Leda's Liquefaction      Hex/Erth       0%         N/A       100%        4
 Olgreb's Toxic Radiance  Pois           0%         N/A       100%        4
 Petrify                  Tmut/Erth      0%         N/A       100%        4
 Agony                    Necr           0%         N/A       100%        5
 Freezing Cloud           Conj/Ice/Air   0%         6-21      100%        5
 Irradiate                Conj/Tmut      0%         3d13      100%        5
 Iskenderun's Battlesphe  Conj           0%         2d6       100%        5
 Lightning Bolt           Conj/Air       0%         1d11      100%        5
 Silence                  Hex/Air        0%         N/A       100%        5
 Iron Shot                Conj/Erth      0%         9d1       100%        6
 Simulacrum               Ice/Necr       0%         N/A       100%        6
 Ozocubu's Refrigeration  Ice            0%         4d5       100%        7
 Spellforged Servitor     Conj/Summ      0%         N/A       100%        7
 Ignition                 Fire           0%         3d3       100%        8
 Maxwell's Capacitive Co  Air            0%         ∞         100%        8


Dungeon Overview and Level Annotations

Branches:
Dungeon (15/15)            Temple (0/1) D:4            Lair (6/6) D:11
 Shoals (4/4) Lair:2       Spider (4/4) Lair:4        Slime (0/5) Lair:6
    Orc (2/2) D:9             Elf (0/3) Orc:2        Vaults (0/5) D:13
 Depths (1/4) D:15          IceCv (visited)         Gauntlet (visited)

Altars:
Ashenzari
Elyvilon
Kikubaaqudgha
Okawaru
Trog
Vehumet
Wu Jian
Xom
The Shining One
Beogh

Shops:
D:4 =   D:5 !   D:6 *   D:9 :   Orc:1 *   Orc:2 =(:[!

Annotations:
Lair:2 exclusion: downstairs
Spider:4 3 runed translucent doors, Musia's ghost, adept DjCj


Innate Abilities, Weirdness & Mutations

You have a pair of horns on your head.
You reflexively headbutt those who attack you in melee.


Message History

You feel much better. The spark wasp stings you!
* * * LOW HITPOINT WARNING * * *
The spark wasp shocks you!
* * * LOW HITPOINT WARNING * * *
Okay, then.
Okay, then.
Aiming: Polymorph
Press: ? - help, Shift-Dir - straight line, f - spark wasp
Aim: a spark wasp (haloed, will become a shining eye, a great orb of eyes, or a fire dragon, chance to affect: 54%)
Okay, then.
Okay, then.
Okay, then.
Okay, then.
Okay, then.
Okay, then.
Okay, then.
Okay, then.
Okay, then.
You feel much better. The spark wasp stings you.
* * * LOW HITPOINT WARNING * * *
The spark wasp shocks you!
* * * LOW HITPOINT WARNING * * *
The spriggan berserker rages.
Okay, then.
Okay, then.
As you read the scroll of fear, it crumbles to dust.
You assume a fearsome visage.
The spark wasp looks frightened!
The spriggan berserker is unaffected.
The spriggan air mage easily resists.
The spriggan defender resists with almost no effort. x2
The spriggan air mage resists with almost no effort.
You hear an angry growl.
Okay, then.
Your shield is strengthened by the Shining One's divine power.
Cornered, the spark wasp turns to fight!
You hear an angry growl.
The spark wasp attacks as you move away!
You block the spark wasp's attack.
The spriggan air mage waves its arms in wide circles.
The air twists around and strikes you!
You die...

.....#.. ....#.# #.#.#.#
.# ###.#.#.#####.#.#
#......<......#.#
#.....#########.###
#.......... ......#
########.....#######.....#
#.............@y.iii.....#
##.#######.########ii....#
#....#...........#......#
####.###########.#.i....#
#.............#.).)..#
###############......#
#.....................#
#.##....##.....C......#
#.##....##............# ..


You could see 2 spriggan defenders, a spark wasp, a spriggan berserker (berserk)
and 2 spriggan air magi.

Vanquished Creatures
  Polyphemus (Shoals:4)
  2 krakens (Shoals:3)
  5 emperor scorpions
  7 ghost moths
  A frost giant (Shoals:4)
  2 juggernaut skeletons (Depths:1)
  5 broodmothers
  A green draconian (Abyss:3)
  A starcursed mass (Abyss:3)
  Nessos (Lair:6)
  An entropy weaver (Spider:3)
  2 dire elephants
  4 spark wasps
  A merfolk javelineer (Shoals:4)
  Josephine (D:13)
  11 merfolk impalers
  7 boulder beetles
  An ice dragon (Depths:1)
  6 hydras
  2 jorogumos
  Erolcha (Orc:2)
  An alligator snapping turtle (Shoals:2)
  6 catoblepae
  An ironbound frostheart (IceCv)
  4 merfolk aquamancers
  3 ogre magi (Orc:2)
  7 centaur warriors
  2 merfolk avatars
  6 two-headed ogres
  7 death yaks
  A tengu warrior (D:14)
  Urug (D:13)
  Nergalle (Orc:2)
  5 pharaoh ants
  Sonja (Orc:2)
  A sun moth (Spider:3)
  12 sea snakes
  8 orb spiders
  2 steelbarb worms
  12 harpies
  A wizard (Depths:1)
  A necromancer (Depths:1)
  5 deep elf pyromancers
  6 deep elf zephyrmancers (Orc:2)
  3 orc knights
  Pikel (D:8)
  A sphinx zombie (Depths:1)
  5 fauns
  15 manticores
  5 orc sorcerers (Orc:2)
  4 ugly things
  11 wolf spiders
  3 cyclopes
  2 moths of wrath
  A worldbinder (Abyss:3)
  3 black mambas
  22 elephants
  4 water nymphs
  A stone giant skeleton (Depths:1)
  17 merfolk sirens
  A molten gargoyle (Lair:4)
  An orange demon (Abyss:3)
  2 torpor snails
  16 cane toads
  5 rime drakes
  4 demonic crawlers
  9 komodo dragons
  2 gargoyles
  An unseen horror (D:10)
  2 kobold demonologists (D:13)
  A freezing wraith (D:15)
  2 tengu conjurers (D:14)
  18 merfolk
  6 polar bears
  8 wind drakes
  Prince Ribbit (D:6)
  4 meliai
  21 tarantellas
  5 trolls
  7 hornets
  13 snapping turtles
  5 slime creatures
  8 blink frogs
  13 jumping spiders
  3 dream sheep (Shoals:4)
  4 shadows
  Sigmund (D:3)
  A vampire (D:13)
  4 wyverns
  A centaur simulacrum (D:14)
  16 culicivoras
  6 water elementals
  6 wraiths
  A fire elemental (Lair:5)
  3 fire bats
  46 yaks
  16 humans (D:13)
  8 basilisks
  37 redbacks
  Menkaure (D:6)
  2 wargs
  2 acid dragons (D:13)
  13 water moccasins
  Edmund (D:5)
  16 orc warriors
  2 black bears (D:4)
  2 ice beasts (D:5)
  2 sky beasts (D:7)
  6 ogres
  18 centaurs
  3 wolves (Lair:3)
  2 phantoms
  3 kobold brigands
  11 bullfrogs
  A necrophage (D:6)
  4 scorpions
  5 wights (D:7)
  8 killer bees
  4 electric eels
  6 howler monkeys
  A quasit (Abyss:3)
  2 lava snakes (Lair:5)
  2 hounds
  7 jellies
  8 orc priests
  10 hell rats
  9 iguanas
  31 orc wizards
  A gnoll (D:4)
  6 adders
  2 shadow imps
  3 white imps
  An ufetubus (D:7)
  2 worms
  4 dart slugs
  73 orcs
  6 endoplasms
  7 giant cockroaches
  2 goblins
  9 hobgoblins
  2 jackals (D:5)
  2 quokkas (D:2)
  12 ball pythons
  3 bats
  8 frilled lizards
  10 kobolds
  18 rats
  A fire vortex (Lair:1)
  2 tentacles (Shoals:3)
919 creatures vanquished.

Vanquished Creatures (collateral kills)
  Rupert (Lair:4)
  2 emperor scorpions (Spider:4)
  Louise (Spider:4)
  An entropy weaver (Lair:4)
  2 merfolk impalers (Shoals:1)
  A hydra (Lair:6)
  A death yak (Shoals:4)
  A faun (Shoals:1)
  8 elephants (Lair:6)
  2 cane toads (Lair:6)
  A rime drake (Lair:6)
  2 polar bears (Lair:6)
  A merfolk (Shoals:1)
  4 dream sheep (Lair:6)
  A basilisk (Lair:6)
  2 water moccasins (Lair:6)
  7 jellies (Lair:6)
  A hell rat (Lair:6)
  An endoplasm (Lair:6)
40 creatures vanquished.

Vanquished Creatures (others)
  A redback (Spider:4)
  3 bushes (Lair:3)
  32 fungi
  121 plants
  13 tentacles (Shoals:3)
170 creatures vanquished.

Grand Total: 1129 creatures vanquished

Notes
Turn   | Place    | Note
-------+----------+-------------------------------------------
     0 | D:1      | NateTC the Minotaur Fighter began the quest for the Orb.
     0 | D:1      | Reached XP level 1. HP: 19/19 MP: 0/0
   158 | D:1      | Reached XP level 2. HP: 26/26 MP: 1/1
   163 | D:1      | Found a faded altar of an unknown god.
   468 | D:1      | Prayed at the altar of an unknown god.
   468 | D:1      | Became a worshipper of the Shining One
   468 | D:1      | Reached * piety under the Shining One
   865 | D:1      | Identified the +8 whip of the Bruised Knives {freeze,
                  | +Blink MP+9}
   933 | D:2      | Reached XP level 3. HP: 27/31 MP: 2/2
  1101 | D:2      | Reached skill level 1 in Invocations
  1600 | D:3      | Reached XP level 4. HP: 39/39 MP: 3/3
  1838 | D:3      | Noticed Sigmund
  1844 | D:3      | Killed Sigmund
  1845 | D:3      | Reached XP level 5. HP: 29/45 MP: 3/5
  2104 | D:4      | Found Ublaunei's Jewellery Emporium.
  2155 | D:4      | Noticed a black bear
  2161 | D:4      | Killed a black bear
  2162 | D:4      | Reached XP level 6. HP: 38/51 MP: 7/7
  2365 | D:4      | Found a staircase to the Ecumenical Temple.
  2412 | D:4      | Reached XP level 7. HP: 54/57 MP: 8/8
  2476 | D:4      | Reached skill level 4 in Fighting
  2989 | D:5      | Entered Level 5 of the Dungeon
  3069 | D:5      | Noticed Edmund
  3069 | D:5      | Reached ** piety under the Shining One
  3074 | D:5      | Killed Edmund
  3075 | D:5      | Reached skill level 5 in Fighting
  3079 | D:5      | Reached skill level 6 in Fighting
  3323 | D:5      | Reached skill level 7 in Fighting
  3383 | D:5      | Reached XP level 8. HP: 61/73 MP: 10/10
  3388 | D:5      | Found Kitiaz's Distillery.
  3399 | D:5      | Bought a potion of heal wounds for 65 gold pieces
  3420 | D:5      | Reached skill level 8 in Fighting
  4255 | D:6      | Reached skill level 5 in Armour
  4255 | D:6      | Reached skill level 5 in Shields
  4674 | D:6      | Noticed Prince Ribbit
  4681 | D:6      | Killed Prince Ribbit
  4682 | D:6      | Reached XP level 9. HP: 63/82 MP: 11/11
  4882 | D:6      | Noticed Menkaure
  4892 | D:6      | Killed Menkaure
  5128 | D:6      | Found a white marble altar of Elyvilon.
  5338 | D:6      | Found Jaenley's Serpentskin Sales.
  5753 | D:7      | Reached skill level 10 in Axes
  6122 | D:7      | Reached *** piety under the Shining One
  6240 | D:7      | Found an iron altar of Okawaru.
  6240 | D:7      | Found an ancient bone altar of Kikubaaqudgha.
  6644 | D:7      | Reached skill level 1 in Dodging
  6648 | D:7      | Reached XP level 10. HP: 86/90 MP: 12/12
  6859 | D:8      | Noticed Pikel
  6863 | D:8      | Killed Pikel
  7281 | D:8      | Noticed a moth of wrath
  7284 | D:8      | Found a bloodstained altar of Trog.
  7375 | D:9      | Found a staircase to the Orcish Mines.
  7383 | D:9      | Reached skill level 5 in Dodging
  7680 | D:9      | Found Poanug's Book Shop.
  7715 | D:9      | Reached skill level 1 in Evocations
  7748 | D:9      | Noticed a two-headed ogre
  7759 | D:9      | Killed a two-headed ogre
  7760 | D:9      | Reached skill level 5 in Invocations
  7913 | D:9      | Found a shimmering altar of Xom.
  8335 | D:10     | Entered Level 10 of the Dungeon
  8483 | D:10     | Reached skill level 9 in Fighting
  8630 | D:10     | Found a broken altar of Ashenzari.
  9049 | D:4      | Bought an amulet of regeneration for 330 gold pieces
  9174 | D:10     | Noticed a two-headed ogre
  9183 | D:10     | Killed a two-headed ogre
  9270 | D:10     | Reached XP level 11. HP: 79/97 MP: 14/14
  9868 | D:11     | Found a staircase to the Lair.
 10276 | Lair:1   | Entered Level 1 of the Lair of Beasts
 10277 | Lair:1   | Upgraded the game from 0.29-a0-520-gc852659d43 to
                  | 0.29-a0-529-gfa20dd96a1
 10511 | Lair:1   | Reached **** piety under the Shining One
 11253 | Lair:2   | Reached skill level 10 in Shields
 11259 | Lair:2   | Reached XP level 12. HP: 90/106 MP: 15/15
 11391 | Lair:2   | Reached skill level 10 in Armour
 11477 | Lair:2   | Found a staircase to the Shoals.
 12168 | Lair:2   | Reached skill level 10 in Fighting
 12493 | Lair:2   | Noticed a six-headed hydra
 12502 | Lair:2   | Killed a six-headed hydra
 12628 | D:6      | Bought a ring of poison resistance for 200 gold pieces
 12771 | Lair:3   | Reached skill level 11 in Fighting
 12839 | Lair:3   | Noticed a dire elephant
 12889 | Lair:3   | Killed a dire elephant
 12958 | Lair:3   | Reached skill level 12 in Fighting
 13416 | Lair:3   | Reached skill level 15 in Axes
 13425 | Lair:3   | Reached skill level 13 in Fighting
 13425 | Lair:3   | Reached XP level 13. HP: 78/122 MP: 17/17
 13951 | Lair:4   | Found a hole to the Spider Nest.
 13952 | Lair:4   | Reached ***** piety under the Shining One
 14239 | Lair:4   | Reached skill level 14 in Fighting
 14484 | Lair:4   | Noticed Rupert
 14494 | Lair:4   | Killed Rupert
 15671 | Lair:6   | Entered Level 6 of the Lair of Beasts
 15733 | Lair:6   | Noticed Nessos
 15737 | Lair:6   | Paralysed by Nessos for 3 turns
 15756 | Lair:6   | Killed Nessos
 15838 | Lair:6   | Found a staircase to the Slime Pits.
 15876 | Lair:6   | Reached XP level 14. HP: 125/132 MP: 19/19
 15942 | Lair:6   | Found a gate leading to a gauntlet.
 15951 | Gauntlet | Entered a Gauntlet
 15951 | Gauntlet | Found a transporter.
 15951 | Gauntlet | Found a transporter.
 15973 | Gauntlet | Found a transporter.
 15975 | Gauntlet | Found a transporter.
 15985 | Gauntlet | Found a transporter.
 16004 | Gauntlet | Found a transporter.
 16012 | Gauntlet | Found a transporter.
 16031 | Gauntlet | Found a transporter.
 16041 | Gauntlet | Found a transporter.
 16047 | Gauntlet | Found a transporter.
 16097 | Gauntlet | Found a transporter.
 16120 | Gauntlet | Found a transporter.
 17328 | Spider:1 | Entered Level 1 of the Spider Nest
 17363 | Spider:1 | Noticed a ghost moth
 17378 | Spider:1 | Killed a ghost moth
 18505 | D:13     | Noticed Urug
 18505 | D:13     | Found a gate to the Vaults.
 18512 | D:13     | Reached skill level 15 in Shields
 18520 | D:13     | Killed Urug
 18654 | D:13     | Reached skill level 15 in Fighting
 19398 | D:13     | Noticed Josephine
 19410 | D:13     | Killed Josephine
 19689 | D:14     | Reached skill level 16 in Fighting
 19781 | Orc:1    | Entered Level 1 of the Orcish Mines
 20445 | Orc:1    | Reached skill level 5 in Evocations
 20445 | Orc:1    | Reached XP level 15. HP: 144/144 MP: 20/20
 20494 | Orc:2    | Entered Level 2 of the Orcish Mines
 20601 | Orc:2    | Found a staircase to the Elven Halls.
 20657 | Orc:2    | Found Zydwodao's Antique Weapon Boutique.
 20668 | Orc:2    | Bought a glowing broad axe for 168 gold pieces
 20754 | Orc:2    | Reached XP level 16. HP: 142/152 MP: 21/21
 20799 | Orc:2    | Found Haocar's Jewellery Shoppe.
 20834 | Orc:2    | Found a radiant altar of Vehumet.
 20835 | Orc:2    | Noticed Erolcha
 20848 | Orc:2    | Killed Erolcha
 20881 | Orc:2    | Noticed Nergalle
 20882 | Orc:2    | Found an ancient bone altar of Kikubaaqudgha.
 20897 | Orc:2    | Killed Nergalle
 20930 | Orc:2    | Found Kaler's Book Shoppe.
 20962 | Orc:2    | Found Jalyryis's Antique Armour Emporium.
 20971 | Orc:2    | Found Itastri's Distillery.
 21087 | Orc:2    | Noticed Sonja
 21104 | Orc:1    | Found Pucrust's Overcharged Wands.
 21640 | Orc:2    | Killed Sonja
 21942 | D:4      | Bought a ring of flight for 192 gold pieces
 22124 | Shoals:1 | Entered Level 1 of the Shoals
 22258 | Shoals:1 | Reached ****** piety under the Shining One
 22266 | Shoals:1 | Reached skill level 15 in Armour
 22948 | Orc:2    | Bought an amulet of reflection for 450 gold pieces
 23439 | Lair:4   | Identified the +0 tower shield of Vumil {Rampage rElec
                  | Str+2}
 23868 | Spider:1 | Identified the ring "Bot Sale" {Int+3 SInv}
 24566 | Spider:1 | Reached skill level 17 in Fighting
 25540 | Spider:2 | Reached skill level 18 in Fighting
 26140 | Spider:3 | Reached XP level 17. HP: 163/163 MP: 22/22
 26557 | Spider:4 | Entered Level 4 of the Spider Nest
 26557 | Spider:4 | Noticed Louise
 26560 | Spider:4 | Cast into level 3 of the Abyss (Louise)
 26741 | Spider:4 | Escaped the Abyss
 27461 | D:15     | Entered Level 15 of the Dungeon
 27808 | D:14     | Found an ornate altar of the Wu Jian Council.
 28963 | D:15     | Found a staircase to the Depths.
 29408 | Shoals:1 | Reached skill level 10 in Evocations
 30765 | Shoals:2 | Found a frozen archway.
 30782 | IceCv    | Entered an ice cave
 30792 | IceCv    | Reached skill level 10 in Invocations
 30887 | IceCv    | HP: 3/166 [ice dragon/blast of cold (27)]
 31528 | Shoals:2 | Reached skill level 19 in Fighting
 33382 | Shoals:3 | Noticed a kraken
 33383 | Shoals:3 | Noticed a kraken
 33388 | Shoals:3 | Killed a kraken
 33399 | Shoals:3 | Killed a kraken
 33776 | Shoals:4 | Entered Level 4 of the Shoals
 33776 | Shoals:4 | Noticed Polyphemus
 33802 | Shoals:4 | Killed Polyphemus
 33803 | Shoals:4 | Reached XP level 18. HP: 39/176 MP: 18/25
 35912 | Shoals:4 | Identified the +7 great sword "Transmigrator" {venom,
                  | Stlth+}
 36274 | Shoals:4 | Got a barnacled rune of Zot
 37337 | Shoals:4 | Identified the +1 chain mail of Generosity {rN+ Will+ Dex-4
                  | Stlth+}
 38070 | Spider:4 | Killed Louise
 39137 | Spider:4 | Reached skill level 20 in Fighting
 39298 | Spider:4 | Got a gossamer rune of Zot
 39403 | Spider:4 | Found a runed translucent gate.
 39403 | Spider:4 | Found a runed translucent gate.
 39404 | Spider:4 | Found a runed translucent gate.
 39405 | Spider:4 | Noticed Musia's ghost (adept DjCj)
 39619 | Depths:1 | Entered Level 1 of the Depths
 39999 | Depths:1 | HP: 8/178 [spriggan air mage/the air (10)]
 40001 | Depths:1 | HP: 2/178 [spark wasp (14)]
 40007 | Depths:1 | Killed from afar by a spriggan air mage

Illustrated notes

Levels and vault maps discovered:
D:1:      lightli_arrival_isolated_outpost, layout_basic,
          hellmonk_ecumenical_altar_lost_god, amcnicky_mini_rare_corridor_liquid
D:2:      layout_rooms
D:3:      layout_rooms, grunt_decor_clamped, minmay_stone_trees_medium,
          uniq_sigmund
D:4:      kennysheep_spiral_hall, layout_gridville, minmay_temple_entry_tees,
          serial_shops, nicolae_stop_n_shop_2, st_stairs_14,
          minmay_misc_feat_encased, minmay_misc_feat_square, uniq_ijyb
D:5:      layout_basic, serial_shops, nicolae_shop_window_shopping, uniq_edmund
D:6:      layout_rooms, marbit_many_paths, guppyfry_shop_venom,
          uniq_prince_ribbit1, uniq_menkaure
D:7:      minmay_thinvault, layout_basic, jmf_multi_god_temple,
          kennysheep_generic_room_3
D:8:      layout_rooms, tgw_trog, uniq_pikel
D:9:      layout_basic, mainiacjoe_overflow_boulevard, orc_0_dummy,
          serial_shops, nicolae_shop_behind_doors,
          hangedman_abyss_or_decor_clamps
D:10:     layout_cave_pods, cheibrodos_ashenzari_chains
D:11:     layout_rooms, lair_entry_dummy
D:12:     wander_river, layout_cross
D:13:     layout_loops_corners, david_vaults_3, minmay_lizard_king,
          uniq_josephine
D:14:     layout_basic, interstate_on_off, chequers_arboretum,
          nicolae_wu_jian_immortal_techniques
D:15:     hangedman_depths_entry_try_elsewhere_first, layout_irregular_city,
          minivault_24
Lair:1:   layout_gridlike
Lair:2:   layout_cave_pods, minmay_shoals_entry_beasts
Lair:3:   layout_small_grid, nicolae_lair_grazing_beasts
          [nicolae_sub_lair_graze_edge, nicolae_sub_lair_graze_edge,
          nicolae_sub_lair_graze_edge, nicolae_sub_lair_graze_edge],
          infiniplex_staircase_pool_2, lemuel_fruit_tree, serial_bayou_shore_a
Lair:4:   layout_regular_city, spider_nest_entry_webs, beast_lair_carwin_2,
          grunt_megastairs_1, uniq_rupert
Lair:5:   layout_gridlike, serial_bayou_shore_b
Lair:6:   evilmike_catoblepas_cave, layout_misc_corridors,
          minmay_slime_entry_jelly_boxes, gauntlet_entry_generic,
          nicolae_quartered_pool_super, serial_bayou_shore_b, uniq_nessos
Shoals:1: layout_shoals, nicolae_shoals_lost_giant_hut
Shoals:2: layout_shoals, portal_ice_cave_entry_pillars_1,
          nicolae_shoals_water_booths
Shoals:3: layout_shoals, nicolae_shoals_shepherds
Shoals:4: shoals_end_grunt_ice, layout_shoals, nicolae_shoals_land_atoll,
          uniq_polyphemus
Spider:1: layout_spider_delve
Spider:2: layout_spider_delve, nicolae_spider_some_kinda_spiderbox
Spider:3: layout_spider_delve
Spider:4: spider_rune_water, gammafunk_ghost_tricky_traps,
          nicolae_spider_checkerboard, uniq_louise
Orc:1:    cheibrodos_orc_bank, layout_diamond_mine,
          nicolae_shop_overcharged_wands
Orc:2:    kennysheep_orc_mage_school, layout_caves, serial_shops,
          nicolae_shop_hallway_plus, elves_outpost_lemuel, uniq_sonja
Depths:1: layout_basic, serial_shops, shop,
          nicolae_abyss_entry_one_way_or_another, lightli_too_deep,
          nicolae_ru_great_annihilating_truth, kennysheep_random_hallway,
          grunt_megastairs_2, serial_bayou_shore_b

Skill      XL: |  1  2  3  4  5  6  7  8  9 10 11 12 13 14 15 16 17 18 |
---------------+-------------------------------------------------------+-----
Axes           | 3 4 6 7 8 11 12 13 15 18 | 18.0
Invocations    | 1 2 3 4 6 7 9 10 11 | 11.5
Fighting       | 7 8 9 13 14 16 18 19 20 | 20.2
Armour         | 6 7 9 11 14 15 17 | 17.6
Shields        | 6 10 11 15 16 | 16.0
Dodging        | 1 5 |  5.0
Evocations     | 3 5 6 10 | 10.0

Action                   |  1- 3 |  4- 6 |  7- 9 | 10-12 | 13-15 | 16-18 || total
-------------------------+-------+-------+-------+-------+-------+-------++-------
Melee: War axe           |    78 |    42 |   214 |   489 |   564 |       ||  1387
       Headbutt          |     8 |    10 |    53 |   138 |   219 |   400 ||   828
       Whip              |       |       |       |     4 |    92 |    11 ||   107
       Broad axe         |       |       |       |       |    26 |  1270 ||  1296
Invok: Divine Shield     |       |       |       |     2 |     4 |     5 ||    11
       Summon Divine War |       |       |       |       |     2 |     4 ||     6
Evoke: Wand              |       |       |       |     2 |     1 |    18 ||    21
       Phantom mirror    |       |       |       |       |       |     1 ||     1
  Use: Scroll            |     6 |     3 |     3 |    13 |     5 |    18 ||    48
       Potion            |       |       |     1 |     2 |     5 |    10 ||    18
Armor: Scale mail        |    11 |       |       |       |       |       ||    11
       Chain mail        |    29 |    33 |    69 |       |       |       ||   131
       Plate armour      |       |       |    56 |   275 |   326 |   977 ||  1634
Dodge: Dodged            |    32 |    11 |   101 |   194 |   189 |   517 ||  1044
Block: Buckler           |    22 |     8 |    29 |    33 |       |       ||    92
       Kite shield       |       |       |       |   218 |   397 |  1098 ||  1713
       Reflection        |       |       |       |       |       |    29 ||    29
       Tower shield      |       |       |       |       |       |   214 ||   214

Table legend: (Time is in decaauts)
 A = Elapsed time spent in this place.
 B = Non-inter-level travel time spent in this place.
 C = Inter-level travel time spent in this place.
 D = Time resting spent in this place.
 E = Time spent auto-exploring this place.
 F = Levels seen in this place.
 G = Mean time per level.
                   A        B        C        D        E       F      G
               +--------+--------+--------+--------+--------+-----+--------+
         Total |  39893 |  36897 |   2996 |  13400 |   8243 |  35 | 1139.8 |
       Dungeon |  15153 |  13467 |   1686 |   3671 |   3767 |  15 | 1010.2 |
          Lair |   7855 |   7115 |    740 |   2152 |   1640 |   6 | 1309.2 |
        Shoals |   8310 |   8203 |    107 |   4641 |   1634 |   4 | 2077.5 |
   Spider Nest |   5438 |   5169 |    269 |   2314 |    741 |   4 | 1359.5 |
  Orcish Mines |   2086 |   1895 |    191 |    248 |    452 |   2 | 1043.0 |
        Depths |    381 |    381 |      0 |    212 |      0 |   1 |  381.0 |
         Abyss |    175 |    175 |      0 |     33 |      8 |   1 |  175.0 |
      Ice Cave |    110 |    110 |      0 |     70 |      0 |   1 |  110.0 |
      Gauntlet |    382 |    382 |      0 |     58 |      0 |   1 |  382.0 |
               +--------+--------+--------+--------+--------+-----+--------+

Top non-repeatable levels by time:
Shoals:3: 3443 daAuts
Shoals:4: 2105 daAuts
  Lair:2: 2088 daAuts
Spider:1: 1728 daAuts
  Lair:4: 1640 daAuts
Shoals:2: 1563 daAuts
Spider:3: 1419 daAuts
     D:6: 1375 daAuts
     D:5: 1374 daAuts
     D:7: 1363 daAuts
    D:10: 1348 daAuts
Spider:4: 1345 daAuts
  Lair:3: 1341 daAuts
     D:9: 1281 daAuts
Shoals:1: 1197 daAuts
